 Dungeon Crawl Stone Soup version 0.25.1-2-g60ff931df9 (webtiles) character file.

Game seed: 3954490519677473441

85915 Lazav66 the Warrior (level 15, -24/172 HPs)
             Began as an Ogre Berserker on Oct 1, 2020.
             Was a High Priest of Trog.
             Annihilated by a white ugly thing (27 damage)
             ... on level 14 of the Dungeon.
             The game lasted 01:20:39 (39315 turns).

Lazav66 the Warrior (Ogre Berserker)               Turns: 39315, Time: 01:20:40

Health: -24/172    AC: 10    Str: 25    XL:     15   Next: 85%
Magic:  0/5        EV: 20    Int:  8    God:    Trog [*****.]
Gold:   1863       SH:  0    Dex: 13    Spells: 14/14 levels left

rFire    + . .     SeeInvis .   M - +6 giant spiked club (antimagic)
rCold    . . .     Gourm    .   (shield currently unavailable)
rNeg     . . .     Faith    .   D - +0 acid dragon scales
rPois    .         Spirit   +   (helmet restricted)
rElec    .         Reflect  .   l - +0 cloak
rCorr    +         Harm     .   (gloves unavailable)
MR       +....                  (boots unavailable)
Stlth    +.........             B - amulet of guardian spirit
HPRegen  0.38/turn              P - +4 ring of evasion
MPRegen  0.09/turn              v - ring of protection from fire

@: no status effects
A: large, unfitting armour, tough skin 1
a: Berserk, Trog's Hand, Brothers in Arms, Renounce Religion


You were on level 14 of the Dungeon.
You worshipped Trog.
Trog was extremely pleased with you.
You were hungry.

You visited 3 branches of the dungeon, and saw 23 of its levels.
You visited 1 bazaar.

You collected 2293 gold pieces.
You spent 430 gold pieces at shops.

Inventory:

Hand Weapons
 M - a +6 antimagic giant spiked club (weapon)
 V - a +3 giant spiked club of flaming
Missiles
 k - 14 large rocks (quivered)
Armour
 b - a +0 animal skin
 l - a +0 cloak (worn)
 D - +0 acid dragon scales (worn)
 W - a +0 troll leather armour
Jewellery
 v - a ring of protection from fire (right hand)
 B - an amulet of guardian spirit (around neck)
 O - a +4 ring of protection
 P - a +4 ring of evasion (left hand)
Wands
 c - a wand of acid (12)
 E - a wand of digging (8)
 G - a wand of enslavement (8)
 K - a wand of polymorph (6)
 L - a wand of clouds (11)
 Q - a wand of disintegration (28)
 R - a wand of random effects (11)
Scrolls
 a - a scroll of summoning {unknown}
 i - 7 scrolls of remove curse
 n - 3 scrolls of magic mapping
 o - a scroll of fog {unknown}
 p - 2 scrolls of blinking {unknown}
 s - 3 scrolls of immolation {unknown}
 t - 7 scrolls of teleportation {unknown}
 u - 2 scrolls of identify
 y - 4 scrolls of enchant armour {unknown}
 z - a scroll of random uselessness {unknown}
 A - a scroll of brand weapon {unknown}
 C - a scroll of holy word {unknown}
 H - 2 scrolls of fear {unknown}
 J - 2 scrolls of enchant weapon {unknown}
 N - 2 scrolls of silence {unknown}
 T - a scroll of acquirement {unknown}
 U - a scroll of noise {unknown}
Potions
 d - a potion of lignification {unknown}
 e - 3 potions of resistance {unknown}
 f - 4 potions of heal wounds
 g - 4 potions of ambrosia
 h - 16 potions of curing
 j - 5 potions of magic
 q - a potion of invisibility
 r - 8 potions of haste
 w - 6 potions of brilliance {unknown}
 x - 2 potions of flight {unknown}
 I - a potion of stabbing {unknown}
 Y - a potion of might
 Z - a potion of cancellation
Comestibles
 m - 14 rations
 F - 6 chunks of flesh


   Skills:
 + Level 16.9 Fighting
 * Level 16.7 Maces & Flails
 + Level 6.5 Armour
 + Level 12.5 Dodging


You had 14 spell levels left.
You didn't know any spells.
Your spell library was empty.

Dungeon Overview and Level Annotations

Branches:
Dungeon (15/15)            Temple (0/1) D:4            Lair (6/6) D:11
  Swamp (0/4) Lair:2        Snake (0/4) Lair:4        Slime (0/5) Lair:6
    Orc (2/2) D:10            Elf (0/3) Orc:2        Vaults (0/5) D:13
 Depths: D:15

Altars:
Gozag
Makhleb
Qazlal
Trog
Beogh

Shops:
D:3 *   D:4 !%   D:10 (   Orc:2 %(}!

Portals:
Hell: Lair:6

Annotations:
D:7 1 runed translucent door, Maadim's ghost, novice OpHu
Lair:2 1 runed translucent door
Lair:4 exclusion: oklob plant


Innate Abilities, Weirdness & Mutations

You are too large for most types of armour.
You have tough skin. (AC +1)


Message History

The white ugly thing engulfs you but does no damage.
The white ugly thing trunk-slaps you!
* * * LOW HITPOINT WARNING * * *
The white ugly thing freezes you!
* * * LOW HITPOINT WARNING * * *
The white ugly thing completely misses you.
You hit the white ugly thing but do no damage.
The white ugly thing is almost dead.
The white ugly thing completely misses you.
You hit the white ugly thing.
The white ugly thing is almost dead.
The white ugly thing closely misses you.
You bludgeon the white ugly thing!!
You kill the white ugly thing!
Trog accepts your kill.
Your troll goes berserk!
You feel quite a bit more hungry. The white ugly thing trunk-slaps you!
* * * LOW HITPOINT WARNING * * *
The white ugly thing freezes you!!
You die...

..........<........## #..#####
....................## ...#####
.....................###.....###.
..#...................#..........
.###...........).................
# ##..........).................
##.........).T...............
#.........#..................
#.........###@................
.........## ##u...............
.......## ##...............
........# ##...............#
.........###...............#
^........^#.†.....###.....#
..................#####...#
..................#####..#
..................#####.#


You could see a white ugly thing and a friendly troll (summoned, berserk).

Vanquished Creatures
  Snorg (Lair:4)
  2 ogre magi (Orc:2)
  4 hydras
  8 vault guards
  3 centaur warriors
  9 two-headed ogres
  Nergalle (D:12)
  A sun demon (Lair:6)
  2 unseen horrors
  2 wizards
  A deep troll (Orc:1)
  3 deep elf magi
  An orc sorcerer (Orc:2)
  A manticore (D:14)
  5 ugly things
  3 cyclopes
  2 centaur zombies
  16 elephants
  Joseph (D:9)
  An ice statue (Orc:2)
  3 black mambas
  4 centaur skeletons
  A gargoyle (D:12)
  18 spiny frogs
  5 komodo dragons
  3 yaktaurs (D:13)
  4 rime drakes
  A hellwing (Lair:6)
  2 ice devils (Lair:6)
  7 trolls
  10 polar bears
  A hornet (D:9)
  22 blink frogs
  A bog body (Lair:2)
  6 dream sheep (Lair:4)
  A slime creature (Lair:6)
  9 hippogriffs
  A shadow (D:12)
  A spriggan (D:7)
  2 wraiths
  50 yaks
  3 hungry ghosts
  3 basilisks
  4 wyverns
  Grum (D:8)
  7 vampire mosquitoes
  Menkaure (D:7)
  A soldier ant (D:13)
  4 wargs
  An acid dragon (D:13)
  A hell hound (Lair:6)
  15 water moccasins
  A meliai simulacrum (D:14)
  10 porcupines
  Purgy (D:4)
  Duvessa (D:4)
  4 ice beasts
  5 sky beasts
  20 orc warriors
  3 black bears
  2 phantoms
  23 ogres
  17 centaurs
  17 wolves
  8 crocodiles
  An elf zombie (D:6)
  17 bullfrogs
  A big kobold (D:9)
  Dowan (D:4)
  4 earth elementals (D:11)
  A scorpion (D:8)
  13 wights
  3 killer bees (D:11)
  6 howler monkeys
  6 crimson imps
  A quasit (D:11)
  Crazy Yiuf (D:6)
  2 bullfrog zombies
  5 hounds
  21 orc priests
  6 bullfrog skeletons
  4 human skeletons (D:6)
  5 jellies
  28 orc wizards
  2 iguanas
  12 worker ants
  A hound zombie (D:6)
  A hound skeleton (D:6)
  2 worker ant zombies
  A howler monkey skeleton (D:11)
  3 gnolls (D:8)
  3 river rats (D:4)
  21 adders
  2 shadow imps
  An ooze (D:2)
  An adder zombie (D:6)
  2 adder skeletons
  3 worms
  A dart slug (D:2)
  7 leopard geckos
  85 orcs
  2 ball pythons
  5 bats
  3 giant cockroaches
  5 hobgoblins
  9 jackals
  2 quokkas
  2 frilled lizards (D:4)
  6 goblins
  14 kobolds
  A leopard gecko skeleton (D:6)
  A leopard gecko zombie (D:6)
  An orc skeleton (D:6)
  A quokka skeleton (D:6)
  8 rats
  3 fungi (Lair:6)
709 creatures vanquished.

Vanquished Creatures (collateral kills)
  A hydra (D:14)
  A centaur warrior (D:14)
  A two-headed ogre (Orc:1)
  A deep troll (Orc:1)
  An orange demon (Lair:6)
  A rime drake (Lair:2)
  2 ice devils (Lair:6)
  A komodo dragon (Lair:2)
  3 trolls (Orc:1)
  A red devil (Lair:6)
  A vampire (D:15)
  2 hell hounds (Lair:6)
  2 wolves
  A crocodile (Lair:2)
  4 wights (D:14)
  3 killer bees (D:11)
  2 orcs
28 creatures vanquished.

Vanquished Creatures (others)
  An orc (D:6)
  30 fungi
  10 plants
  9 toadstools (Lair:2)
50 creatures vanquished.

Grand Total: 787 creatures vanquished

Notes
Turn   | Place    | Note
-------+----------+-------------------------------------------
     0 | D:1      | Lazav66 the Ogre Berserker began the quest for the Orb.
     0 | D:1      | Reached XP level 1. HP: 24/24 MP: 1/1
   173 | D:1      | Reached XP level 2. HP: 29/32 MP: 2/2
   294 | D:1      | You fall into a shaft and drop 1 floor!
   768 | D:1      | Reached XP level 3. HP: 40/40 MP: 3/3
   957 | D:2      | Reached ** piety under Trog
  1954 | D:3      | Reached XP level 4. HP: 48/49 MP: 4/4
  2019 | D:3      | Found Gozag's Platinum Reserve.
  2225 | D:2      | Found a bloodstained altar of Trog.
  2336 | D:3      | Found an opulent altar of Gozag.
  2424 | D:4      | Noticed an ogre
  2434 | D:4      | Killed an ogre
  2434 | D:4      | Reached skill level 5 in Fighting
  2434 | D:4      | Reached XP level 5. HP: 45/57 MP: 5/5
  2957 | D:4      | Found Sezxets's Food Shoppe.
  2983 | D:4      | Noticed Purgy
  3061 | D:4      | Killed Purgy
  3061 | D:4      | Reached XP level 6. HP: 67/67 MP: 6/6
  3172 | D:4      | Noticed Duvessa
  3208 | D:4      | Killed Duvessa
  3208 | D:4      | Reached skill level 5 in Maces & Flails
  3216 | D:4      | Noticed Dowan
  3240 | D:4      | Killed Dowan
  3240 | D:4      | Reached XP level 7. HP: 45/75 MP: 7/7
  3479 | D:4      | Found Ogozis's Distillery.
  3487 | D:4      | Bought a potion of haste for 120 gold pieces
  3487 | D:4      | Bought a potion of heal wounds for 60 gold pieces
  3784 | D:4      | Found a staircase to the Ecumenical Temple.
  3804 | D:4      | Found a stormy altar of Qazlal.
  4539 | D:5      | Entered Level 5 of the Dungeon
  4969 | D:5      | Found a bloodstained altar of Trog.
  5401 | D:6      | Reached *** piety under Trog
  5548 | D:6      | Reached XP level 8. HP: 29/87 MP: 8/8
  6109 | D:6      | Reached skill level 5 in Dodging
  6193 | D:6      | Noticed a red ugly thing
  6219 | D:5      | Killed a red ugly thing
  6832 | D:6      | Reached XP level 9. HP: 81/97 MP: 9/9
  7628 | D:6      | Found a runed translucent door.
  7629 | D:6      | Noticed Crazy Yiuf
  7639 | D:6      | Killed Crazy Yiuf
  7855 | D:7      | Noticed Menkaure
  7880 | D:7      | Killed Menkaure
  8254 | D:7      | Reached **** piety under Trog
  8457 | D:7      | Found a runed translucent door.
  8461 | D:7      | Noticed Maadim's ghost (novice OpHu)
  9724 | D:8      | Reached XP level 10. HP: 86/110 MP: 7/10
 10049 | D:8      | Reached skill level 10 in Fighting
 10376 | D:8      | Noticed Grum
 10492 | D:8      | Killed Grum
 10975 | D:8      | Reached skill level 10 in Maces & Flails
 12663 | D:9      | Noticed Joseph
 12682 | D:9      | Killed Joseph
 13186 | D:9      | Paralysed by a hornet for 2 turns
 13762 | D:10     | Entered Level 10 of the Dungeon
 13771 | D:10     | Found Kiudin's Weapon Boutique.
 13841 | D:10     | Found a staircase to the Orcish Mines.
 14235 | D:10     | Reached XP level 11. HP: 117/120 MP: 9/11
 15215 | D:11     | Reached ***** piety under Trog
 15535 | D:11     | Noticed a two-headed ogre
 16858 | D:11     | Noticed a four-headed hydra
 16882 | D:11     | Killed a four-headed hydra
 17229 | D:11     | Found a staircase to the Lair.
 17521 | D:11     | Killed a two-headed ogre
 18200 | Lair:1   | Entered Level 1 of the Lair of Beasts
 18841 | Lair:1   | Reached XP level 12. HP: 129/133 MP: 12/12
 19599 | Lair:1   | You fall into a shaft and drop 1 floor!
 19751 | Lair:2   | Found the amulet of Vitality {Regen+ HP+15}
 19770 | Lair:2   | Found a runed translucent door.
 20839 | Lair:2   | Found a staircase to the Swamp.
 22437 | Lair:3   | Reached skill level 10 in Dodging
 22788 | Lair:3   | Noticed a four-headed hydra
 22797 | Lair:3   | Killed a four-headed hydra
 23159 | Lair:2   | Reached XP level 13. HP: 94/145 MP: 7/13
 24420 | Lair:4   | Found a staircase to the Snake Pit.
 25103 | Lair:4   | Noticed Snorg
 25118 | Lair:4   | Killed Snorg
 26334 | Lair:4   | Reached skill level 1 in Armour
 28881 | Orc:1    | Entered Level 1 of the Orcish Mines
 29573 | Orc:2    | Entered Level 2 of the Orcish Mines
 29573 | Orc:2    | Found a staircase to the Elven Halls.
 29898 | Orc:2    | Received a gift from Trog
 30324 | Orc:2    | Reached skill level 15 in Fighting
 30622 | Orc:1    | Reached XP level 14. HP: 147/159 MP: 11/14
 30666 | Orc:1    | Reached skill level 15 in Maces & Flails
 31434 | Orc:2    | Found a roughly hewn altar of Beogh.
 31553 | Orc:2    | Paralysed by an orc sorcerer for 3 turns
 31667 | Orc:2    | Found Sann's Distillery.
 31671 | Orc:2    | Found Uddutum's Gadget Shop.
 31675 | Orc:2    | Bought a potion of might for 40 gold pieces
 31675 | Orc:2    | Bought a potion of haste for 100 gold pieces
 31675 | Orc:2    | Bought a potion of cancellation for 80 gold pieces
 31675 | Orc:2    | Bought a potion of curing for 30 gold pieces
 31677 | Orc:2    | Found Iryut's Weapon Shoppe.
 31678 | Orc:2    | Found Loagra's Food Shoppe.
 31719 | Orc:2    | Found a gateway to a bazaar.
 31724 | Bazaar   | Entered a bazaar
 31728 | Bazaar   | Found Pietwit's Food Boutique.
 31746 | Bazaar   | Found Jodep's General Store.
 31763 | Bazaar   | Found Woxex's Book Boutique.
 31780 | Bazaar   | Found Plog's Antique Armour Shoppe.
 32572 | Lair:6   | Entered Level 6 of the Lair of Beasts
 34045 | Lair:6   | Found a burning altar of Makhleb.
 34065 | Lair:6   | Reached skill level 5 in Armour
 34312 | Lair:6   | Found a gateway to Hell.
 34548 | Lair:6   | Found a staircase to the Slime Pits.
 34817 | Lair:6   | Reached XP level 15. HP: 170/170 MP: 15/15
 35061 | D:12     | Noticed Nergalle
 35078 | D:12     | Killed Nergalle
 35509 | D:11     | Received a gift from Trog
 35517 | D:11     | Got a scorched morningstar {god gift}
 35542 | D:11     | Identified the +2 morningstar of the Key {vorpal, rC- rN+
                  | MR+} (Trog gifted it to you on level 11 of the Dungeon)
 36263 | D:13     | Found a gate to the Vaults.
 38382 | D:14     | Received a gift from Trog
 38464 | D:14     | You fall into a shaft and drop 1 floor!
 38464 | D:15     | Entered Level 15 of the Dungeon
 39315 | D:14     | HP: 3/172 [white ugly thing (9)]
 39315 | D:14     | Annihilated by a white ugly thing

Illustrated notes

Levels and vault maps discovered:
D:1:      mrwooster_arrival_statue, layout_rooms
D:2:      lemuel_upstairs_altar, layout_rooms
D:3:      layout_loops_ring, nicolae_gozag_zags_fifth_avenue
D:4:      layout_layer_cave, grunt_qazlal_sundering, temple_hall, first_ration,
          lightli_sewer_entry_pipes, serial_shops, nicolae_shop_window_shopping,
          shop, uniq_duvessa, uniq_purgy
D:5:      layout_cave_pools, trog_hazing_becter
D:6:      hangedman_cross_stitches, layout_basic,
          nicolae_ossuary_entry_catacombs, uniq_crazy_yiuf_cottage
D:7:      layout_loops_ring, ebering_ghost_reflecting_pool, the_bakery,
          uniq_menkaure
D:8:      layout_layer_cave, kennysheep_another_room, uniq_grum
D:9:      layout_long_grid, uniq_joseph
D:10:     layout_rooms, orc_david_3
D:11:     minmay_stone_box, layout_stronghold, grunt_lair_entry_orc_guard_hut,
          serial_rivers, chequers_serial_rivers_micro_e,
          chequers_serial_rivers_small_3, chequers_serial_rivers_micro_e,
          chequers_serial_rivers_large_a, kennysheep_generic_room_13
D:12:     layout_rooms, minmay_misc_feat_iff, uniq_nergalle
D:13:     layout_loops_cross, erik_vaults_2,
          portal_ice_cave_entry_animals_and_master
D:14:     layout_big_octagon, minmay_stone_trees_small, serial_ice,
          serial_ice_a, serial_ice_l, serial_ice_d, serial_ice_m,
          minmay_more_statues
D:15:     grunt_enter_depths_snipers, layout_cave_pools, grunt_decor_cap
Lair:1:   layout_misc_corridors, columned_hall_lemuel
Lair:2:   gammafunk_lair_enchanted_lake, layout_hall_layers,
          skrybe_swamp_entry_bodies
Lair:3:   layout_concentric_octagons
Lair:4:   layout_cave_pods, minmay_snake_entry_six_corridors, uniq_snorg
Lair:5:   layout_cave_pods
Lair:6:   evil_forest, layout_cave_pods, minmay_slime_entry_pillars
Orc:1:    layout_diamond_mine
Orc:2:    st_orc_open, layout_caves, basic_altar, serial_shops, statue_bzr,
          nicolae_orc_pool_cavern, abandoned_shop

Skill      XL: |  1  2  3  4  5  6  7  8  9 10 11 12 13 14 15 |
---------------+----------------------------------------------+-----
Maces & Flails | 3 4 5 6 7 9 10 12 13 14 15 16 | 16.7
Dodging        | 3 4 5 6 8 9 10 11 12 | 12.5
Fighting       | 5 6 7 8 9 11 12 13 15 16 | 16.9
Armour         | 2 5 6 |  6.5

Action                   |  1- 3 |  4- 6 |  7- 9 | 10-12 | 13-15 || total
-------------------------+-------+-------+-------+-------+-------++-------
Melee: Mace              |   130 |    59 |   263 |   543 |       ||   995
       Morningstar       |       |       |   153 |       |       ||   153
       Giant spiked club |       |       |       |   306 |   990 ||  1296
Throw: Large rock        |       |       |     1 |       |     2 ||     3
Invok: Berserk           |     1 |     5 |     8 |    16 |     3 ||    33
       Trog's Hand       |       |     1 |     4 |     6 |     5 ||    16
       Brothers in Arms  |       |       |       |     2 |     7 ||     9
Evoke: Wand              |       |     2 |       |    10 |     5 ||    17
  Use: Scroll            |       |       |     6 |     2 |     2 ||    10
 Stab: Sleeping          |       |       |     2 |     3 |       ||     5
  Eat: Chunk             |     4 |     3 |    19 |    42 |    39 ||   107
       Ration            |       |     2 |     4 |     7 |     5 ||    18
Armor: Animal skin       |    53 |    14 |   103 |   120 |    23 ||   313
       Troll leather arm |       |       |       |       |    71 ||    71
       Acid dragon scale |       |       |       |       |    59 ||    59
Dodge: Dodged            |    81 |    32 |   248 |   702 |  1088 ||  2151
